 Dungeon Crawl Stone Soup version 0.28-a0-793-g31680bbd8b (webtiles) character file.

Game seed: 2647838511937630456

57 jasper the Firebug (level 3, 0/29 HPs)
             Began as a Demonspawn Cinder Acolyte on Nov 5, 2021.
             Was a High Priest of Ignis.
             Succumbed to an adder's poison
             ... on level 2 of the Dungeon.
             The game lasted 00:02:37 (1923 turns).

jasper the Firebug (Demonspawn Cinder Acolyte)      Turns: 1923, Time: 00:02:37

Health: 0/29       AC:  2    Str: 14    XL:     3   Next: 73%
Magic:  1/6        EV: 11    Int: 16    God:    Ignis [*****.]
Gold:   89         SH:  0    Dex:  8    Spells: 4/6 levels left

rFire   + . .      SeeInvis .   a - -1 spear (flame)
rCold   . . .      Faith    .   (no shield)
rNeg    . . .      Spirit   .   b - +0 robe
rPois   .          Reflect  .   (no helmet)
rElec   .          Harm     .   (no cloak)
rCorr   .          Rampage  .   (no gloves)
Will    .....                   (no boots)
Stlth   +.........              (no amulet)
HPRegen 0.09/turn               (no ring)
MPRegen 0.10/turn               (no ring)

@: mighty, lethally poisoned (0 -> -7), flying
A: demonic magic 1
a: Renounce Religion, Sea of Fire, Foxfire Swarm, Rising Flame


You were on level 2 of the Dungeon.
You worshipped Ignis.
Ignis was extremely pleased with you.
You visited 1 branch of the dungeon, and saw 2 of its levels.

You collected 89 gold pieces.

Inventory:

Hand Weapons
 a - a -1 spear of flaming (weapon)
 c - a +0 hunting sling
Missiles
 d - 15 poisoned darts
 g - 2 boomerangs
 h - 21 stones
Armour
 b - a +0 robe (worn)
Scrolls
 f - a scroll of teleportation
Potions
 e - a potion of flight
 i - 2 potions of might


   Skills:
 - Level 3.0 Fighting
 - Level 2.6 Polearms
 + Level 2.4 Spellcasting
 + Level 3.5 Fire Magic


You had 4 spell levels left.
You knew the following spells:

 Your Spells              Type           Power      Damage    Failure   Level
a - Scorch                Fire           26%        2d6       7%          2

Your spell library contained the following spells:

 Spells                   Type           Power      Damage    Failure   Level
 Magic Dart               Conj           4%         1d3       21%         1
 Searing Ray              Conj           2%         2d4       30%         2
 Call Canine Familiar     Summ           1%         N/A       52%         3
 Portal Projectile        Hex/Tloc       2%         N/A       52%         3
 Fulminant Prism          Conj/Hex       0%         3d6       89%         4
 Leda's Liquefaction      Hex/Erth       0%         N/A       89%         4


Dungeon Overview and Level Annotations

Branches:
Dungeon (2/15)

Altars:


Innate Abilities, Weirdness & Mutations

Spells you cast may paralyse adjacent enemies.


Message History

The adder poisons you!
You take 6 damage, and have 23/29 hp.
MASSIVE DAMAGE!!
You miss the adder.
The adder is heavily wounded.
You feel sick. The adder bites you.
You are more poisoned.
The adder poisons you!
You take 4 damage, and have 19/29 hp.
You closely miss the adder.
The adder is heavily wounded.
You feel sick.
The adder is no longer more vulnerable to fire.
The adder completely misses you.
You take 2 damage, and have 17/29 hp.
You hit the adder. You burn the adder.
The adder is almost dead.
You feel sick. The adder bites you.
You are lethally poisoned!
The adder poisons you! The adder closely misses you.
You take 6 damage, and have 11/29 hp.
MASSIVE DAMAGE!!
You miss the adder.
The adder is almost dead.
* * * LOW HITPOINT WARNING * * *
You feel very sick. The adder barely misses you.
You take 3 damage, and have 8/29 hp.
It was a potion of might.
You feel very mighty all of a sudden.
* * * LOW HITPOINT WARNING * * *
You feel sick. The adder closely misses you.
You take 2 damage, and have 6/29 hp.
It was a potion of flight.
You feel very buoyant.
You fly up into the air.
* * * LOW HITPOINT WARNING * * *
You feel sick. The adder bites you.
* * * LOW HITPOINT WARNING * * *
You take 4 damage, and have 2/29 hp.
Flames leap up around you!
You die...

#. #.#
##.###.##
.......###
....... #..†#
#.# . #v# .##
#S##### ..#
#@#...###.#
#vv###.##.#
#v## ##.#.#
###.##
##..#######
...
#........##
#.#.#
##.######..
...##.# ##.##
........###.##
.. #...##


You could see an adder (ally target).

Vanquished Creatures
  An adder (D:2)
  A dart slug (D:1)
  6 bats
  2 endoplasms (D:1)
  A giant cockroach (D:1)
  7 goblins (D:1)
  3 hobgoblins (D:1)
  A jackal (D:1)
  6 kobolds
  2 quokkas (D:1)
  4 ball pythons
  5 frilled lizards
  4 rats
43 creatures vanquished.

Vanquished Creatures (others)
  2 demonic plants (D:2)
  11 foxfires (D:1)
  2 fungi (D:2)
  5 plants (D:2)
20 creatures vanquished.

Grand Total: 63 creatures vanquished

Notes
Turn   | Place    | Note
-------+----------+-------------------------------------------
     0 | D:1      | jasper the Demonspawn Cinder Acolyte began the quest for
                  | the Orb.
     0 | D:1      | Reached XP level 1. HP: 18/18 MP: 2/2
   167 | D:1      | Gained mutation: Spells you cast may paralyse adjacent
                  | enemies. [demonic ancestry]
   167 | D:1      | Reached XP level 2. HP: 7/24 MP: 2/4
   170 | D:1      | Learned a level 2 spell: Scorch
   908 | D:1      | Reached XP level 3. HP: 29/29 MP: 3/6
  1727 | D:2      | Found a faded altar of an unknown god.
  1923 | D:2      | Succumbed to an adder's poison

Illustrated notes

Levels and vault maps discovered:
D:1:      moated_graveyard_arrival, layout_basic, minmay_tall_x
D:2:      layout_loops_ring, shapermc_ecumenical_altar_gd, minivault_25,
          hangedman_feature_mirror

Skill      XL: |  1  2 |
---------------+-------+-----
Fire Magic     | 3 |  3.5
Spellcasting   | 2 |  2.4
Fighting       | |  3.0
Polearms       | |  2.6

Action                   || total
-------------------------++-------
Melee: Spear             ||    52
 Cast: Scorch            ||    34
Invok: Foxfire Swarm     ||     2
  Use: Scroll            ||     2
       Potion            ||     2
Armor: Robe              ||    11
Dodge: Dodged            ||    22

Table legend: (Time is in decaauts)
 A = Elapsed time spent in this place.
 B = Non-inter-level travel time spent in this place.
 C = Inter-level travel time spent in this place.
 D = Time resting spent in this place.
 E = Time spent auto-exploring this place.
 F = Levels seen in this place.
 G = Mean time per level.
                   A        B        C        D        E       F      G
               +--------+--------+--------+--------+--------+-----+--------+
         Total |   1921 |   1912 |      9 |    420 |   1233 |   2 |  960.5 |
       Dungeon |   1921 |   1912 |      9 |    420 |   1233 |   2 |  960.5 |
               +--------+--------+--------+--------+--------+-----+--------+

Top non-repeatable levels by time:
     D:1: 1474 daAuts
     D:2: 446 daAuts
